Map: Dusk Towers

Players

Miszu

  • Race: Terran Terran
  • League: Master

JackO - Winner!

  • Race: Protoss Protoss
  • League: Master

VOD

Have the link to the VOD?

Description

Time

  • Played on: April 19, 2016, 3:10 p.m.
  • Length: 18:36
Show
View Real Time Build Order
Export as new Build Order

Miszu Terran 

Build Orders: MMM Bio 

Get SALT Encoding   

  12  0:00  SCV  
  13  0:12  SCV  
  14  0:18  Supply Depot  
  14  0:25  SCV  
  15  0:39  SCV  
  16  0:42  Barracks  
  16  0:52  SCV  
  17  1:04  SCV  
  18  1:13  Command Center  
  18  1:17  SCV  
  19  1:30  Marine  
  19  1:31  Orbital Command  
  20  1:44  Supply Depot  
  20  1:48  Marine  
  21  1:56  SCV  
  21  1:57  Barracks  
  22  2:04  Barracks  
  22  2:08  SCV  
  22  2:09  Marine  
  24  2:20  SCV  
  25  2:25  Orbital Command  
  25  2:26  Marine  
  26  2:30  Refinery  
  26  2:32  Refinery  
  26  2:33  SCV  
  27  2:44  Marine x2  
  27  2:45  SCV  
  30  2:53  Marine  
  30  2:56  SCV  
  30  2:57  SCV  
  33  3:02  Marine  
  33  3:03  Barracks Tech Lab  
  34  3:08  SCV  
  34  3:10  SCV  
  34  3:11  Marine  
  34  3:12  Supply Depot  
  37  3:20  Marine, SCV  
  37  3:23  Marine, Stimpack  
  37  3:24  SCV  
  41  3:28  Marine  
  41  3:32  SCV  
  43  3:36  Supply Depot  
  43  3:38  Marine, SCV  
  43  3:40  Factory  
  43  3:41  Marine  
  46  3:43  Engineering Bay  
  46  3:46  Refinery, Marine  
  46  3:47  SCV  
  48  3:54  SCV  
  49  3:56  Marine  
  49  3:58  Supply Depot  
  49  3:59  SCV  
  53  4:02  Marauder  
  53  4:06  SCV  
  53  4:08  Barracks Reactor  
  54  4:12  SCV  
  54  4:16  Terran Infantry Weapons Level 1  
  55  4:18  SCV  
  55  4:24  Barracks Reactor, SCV  
  57  4:30  Starport, SCV  
  58  4:35  Barracks  
  58  4:36  SCV  
  59  4:39  Barracks  
  59  4:43  SCV  
  60  4:46  Factory Reactor  
  60  4:48  SCV  
  60  4:50  Supply Depot  
  61  4:55  Supply Depot, SCV  
  61  4:57  Marauder  
  61  4:58  Marine  
  65  5:00  SCV  
  65  5:02  Refinery  
  65  5:04  Marine  
  65  5:05  Marine  
  69  5:07  SCV  
  69  5:12  SCV  
  70  5:14  Supply Depot  
  70  5:16  Marine  
  70  5:17  Marine  
  70  5:18  Marauder  
  74  5:23  Combat Shields  
  74  5:26  Medivac x2  
  74  5:27  Barracks Reactor  
  74  5:28  Barracks Tech Lab  
  78  5:29  Marine  
  78  5:31  Barracks Tech Lab  
  78  5:33  Supply Depot  
  79  5:37  Marine x3  
  79  5:40  Supply Depot  
  83  5:44  Marauder, Factory Reactor  
  84  5:58  Supply Depot  
  84  6:01  Marauder  
  84  6:03  Marauder  
  89  6:11  Marine x3, Marauder  
  89  6:12  Marine, Medivac x2  
  89  6:15  Supply Depot  
  97  6:19  Terran Infantry Armor Level 1  
  97  6:21  Marine  
  97  6:22  Widow Mine x2  
  97  6:23  Marine  
  103  6:28  Concussive Shells  
  103  6:29  Marine x2  
  103  6:30  Supply Depot  
  103  6:31  Marine  
  106  6:38  Supply Depot  
  106  6:41  Marine, Marauder  
  106  6:42  Medivac x2  
  113  6:53  Command Center  
  113  6:55  Marine  
  113  6:56  Marine  
  113  6:58  Marine  
  113  6:59  Marine  
  117  7:07  Marine  
  117  7:08  Marauder x2  
  122  7:10  Supply Depot  
  122  7:13  Supply Depot  
  122  7:14  Marine  
  123  7:31  Marauder x2  
  123  7:36  Marine  
  130  7:37  Marine x3, Marauder, Widow Mine  
  130  7:39  Medivac  
  130  7:42  Supply Depot  
  136  7:51  Marine  
  136  7:52  Marine  
  136  7:54  Marine  
  104  8:17  Medivac x2, Widow Mine x2  
  104  8:18  Marine, Marauder  
  104  8:19  Marine x5  
  119  8:33  Orbital Command  
  114  8:36  Marine x4  
  114  8:37  Marauder  
  114  8:40  Marauder  
  118  8:44  Armory  
  118  8:46  Engineering Bay  
  118  8:47  Medivac  
  120  8:56  Widow Mine x2  
  120  8:57  Medivac  
  126  9:16  Marine  
  131  9:17  Marine x4, Marauder x2  
  131  9:23  Refinery x2, SCV x3  
  138  9:24  Widow Mine  
  140  9:34  Marine  
  140  9:35  Marine x4, SCV x2  
  140  9:37  Marine  
  147  9:41  Marauder  
  142  9:53  Marauder  
  142  9:54  Marine, Widow Mine x2  
  142  9:55  Marine x3  
  142  9:56  Marauder  
  142  9:57  Medivac  
  155  10:00  Orbital Command  
  155  10:02  Marauder  
  151  10:12  Marine  
  151  10:13  Marine x2  
  154  10:15  Marauder  
  154  10:16  Terran Infantry Armor Level 2  
  154  10:17  Fusion Core, Marauder  
  154  10:19  Starport  
  158  10:23  Marauder  
  158  10:25  Supply Depot  
  158  10:27  Liberator x2  
  166  10:54  Barracks  
  166  10:55  Barracks  
  166  10:56  Barracks  
  166  10:58  Marauder  
  168  11:09  Liberator x2  
  168  11:10  Starport Tech Lab  
  166  11:12  Liberator  
  166  11:14  Terran Infantry Weapons Level 2  
  166  11:19  Supply Depot x2  
  166  11:28  Advanced Ballistics  
  173  11:43  Marauder  
  173  11:45  Barracks Tech Lab x2  
  173  11:46  Barracks Tech Lab  
  175  11:50  Marine x3  
  175  11:52  Liberator  
  175  11:54  Marine  
  179  11:55  Liberator x2  
  179  11:59  Command Center  
  188  12:23  Marine, Marauder  
  191  12:35  Liberator  
  191  12:37  Liberator  
  191  12:38  Liberator  
  168  12:50  Marauder  
  162  12:57  Marine, Marauder  
  162  13:03  Marauder x3  
  168  13:09  Marine, Marauder  
  171  13:18  Liberator  
  161  13:20  Liberator x2  
  149  13:33  Marine, Marauder  
  149  13:34  Marine x4, Marauder  
  152  14:01  Liberator  
  143  14:03  Liberator x2  
  137  14:11  Marauder  
  113  14:43  Liberator  
  110  14:46  Liberator  
  99  15:21  Viking  
  99  15:22  Marine  
  99  15:26  Orbital Command  
  101  15:30  Orbital Command  
  101  15:43  Marauder  
  101  15:59  SCV  
  102  16:25  SCV  
  102  16:41  SCV  
  102  16:45  Supply Depot  
  102  16:46  Viking, SCV  
  102  16:49  Viking  
  102  16:53  SCV  
  102  16:54  Viking  
  99  16:58  SCV  
  100  17:06  SCV  
  98  17:09  Marine  
  98  17:10  Marine  
  98  17:11  Marine x2  
  98  17:14  Supply Depot  
  102  17:16  Viking  
  102  17:19  Viking  
  106  17:24  Viking  
  98  17:46  Viking  
  98  17:49  Viking  
  99  17:54  Viking  
  100  18:04  Marauder  
  102  18:10  Marine  
Show
View Real Time Build Order
Export as new Build Order

JackO Protoss - Winner!

Build Orders: 1 Gate Expand, Blink Stalkers 

Get SALT Encoding   

  12  0:01  Probe (Chrono Boost)  
  13  0:11  Probe (Chrono Boost)  
  14  0:18  Pylon  
  14  0:22  Probe (Chrono Boost)  
  15  0:36  Probe (Chrono Boost)  
  15  0:37  Gateway  
  16  0:46  Probe (Chrono Boost)  
  16  0:48  Assimilator  
  18  0:57  Probe (Chrono Boost)  
  18  1:07  Probe (Chrono Boost)  
  19  1:20  Nexus  
  19  1:31  Cybernetics Core  
  19  1:36  Probe (Chrono Boost)  
  20  1:43  Assimilator  
  20  1:47  Probe (Chrono Boost)  
  20  1:50  Pylon  
  20  1:58  Probe (Chrono Boost)  
  21  2:07  Stalker  
  24  2:08  Warp Gate, Probe (Chrono Boost)  
  24  2:19  Probe (Chrono Boost)  
  25  2:27  Twilight Council  
  25  2:29  Probe (Chrono Boost)  
  26  2:34  Probe (Chrono Boost)  
  27  2:39  Stalker  
  27  2:40  Probe (Chrono Boost)  
  30  2:45  Probe (Chrono Boost)  
  30  2:51  Probe (Chrono Boost)  
  32  2:55  Probe (Chrono Boost)  
  33  3:01  Probe (Chrono Boost)  
  33  3:03  Blink  
  34  3:06  Probe (Chrono Boost)  
  34  3:12  Probe (Chrono Boost)  
  36  3:16  Probe (Chrono Boost)  
  37  3:22  Gateway, Probe (Chrono Boost)  
  37  3:23  Gateway  
  38  3:27  Probe (Chrono Boost)  
  38  3:33  Probe (Chrono Boost)  
  40  3:38  Probe (Chrono Boost)  
  40  3:39  Robotics Facility  
  41  3:43  Probe (Chrono Boost)  
  41  3:44  Assimilator  
  41  3:46  Assimilator  
  42  3:50  Mothership Core (Chrono Boost)  
  42  3:54  Pylon  
  44  4:03  Probe (Chrono Boost)  
  44  4:08  Probe (Chrono Boost)  
  46  4:14  Probe (Chrono Boost)  
  46  4:15  Stalker  
  49  4:17  Stalker  
  49  4:18  Stalker  
  49  4:19  Probe (Chrono Boost)  
  49  4:21  Pylon  
  54  4:32  Pylon  
  54  4:37  Probe  
  54  4:39  Observer (Chrono Boost), Stalker, Probe  
  54  4:40  Stalker  
  61  4:48  Probe  
  61  4:50  Pylon, Stalker  
  64  4:55  Pylon  
  64  4:58  Observer (Chrono Boost)  
  65  5:01  Probe  
  65  5:03  Probe  
  67  5:07  Nexus  
  67  5:15  Probe x2  
  67  5:17  Observer (Chrono Boost)  
  70  5:22  Robotics Bay  
  70  5:27  Probe  
  70  5:29  Probe  
  72  5:38  Observer (Chrono Boost), Pylon, Probe  
  74  5:43  Gateway x2  
  74  5:45  Probe  
  74  5:46  Gateway  
  74  5:48  Probe  
  76  6:03  Colossus (Chrono Boost)  
  76  6:10  Probe x2  
  83  6:11  Sentry x3  
  83  6:14  Extended Thermal Lance (Chrono Boost)  
  89  6:21  Pylon, Probe  
  89  6:22  Probe  
  89  6:23  Probe  
  89  6:25  Pylon  
  92  6:31  Probe  
  92  6:34  Pylon, Probe  
  92  6:35  Pylon  
  94  6:43  Charge  
  94  6:44  Probe  
  94  6:45  Probe  
  96  6:47  Assimilator  
  96  6:48  Colossus, Assimilator  
  96  6:52  Probe  
  97  6:54  Probe  
  104  7:01  Zealot x5  
  104  7:04  Zealot  
  116  7:16  Probe x2  
  118  7:23  Zealot  
  118  7:24  Stalker, Zealot x2  
  118  7:25  Stalker x2, Pylon  
  118  7:26  Pylon  
  130  7:38  Pylon  
  109  8:02  Colossus  
  109  8:03  Mothership Core  
  103  8:08  Stalker x6  
  103  8:12  Probe x2  
  109  8:22  Probe  
  109  8:24  Probe x2  
  105  8:33  Probe  
  102  8:36  Probe  
  102  8:41  Probe  
  105  8:43  Probe  
  105  8:47  Pylon  
  106  8:51  Forge, Zealot x4  
  106  8:52  Forge, Zealot  
  106  8:54  Probe  
  117  8:56  Pylon  
  118  9:10  Probe x2  
  118  9:13  Templar Archives  
  118  9:15  Probe  
  120  9:20  Immortal  
  120  9:22  Probe x2  
  122  9:25  Probe  
  122  9:27  Protoss Ground Armor Level 1 (Chrono Boost)  
  127  9:33  Zealot  
  127  9:37  Zealot  
  123  9:49  Stalker x2  
  123  9:51  High Templar x2  
  129  9:54  Pylon  
  129  9:59  High Templar  
  131  10:00  High Templar  
  131  10:04  Immortal  
  133  10:11  Protoss Ground Weapons Level 1 (Chrono Boost)  
  137  10:14  Probe x2  
  137  10:18  High Templar  
  141  10:26  Photon Cannon  
  141  10:27  Psionic Storm  
  141  10:29  High Templar  
  141  10:30  High Templar  
  141  10:31  High Templar  
  141  10:32  High Templar  
  149  10:36  Archon  
  149  10:48  Pylon  
  149  10:49  Pylon  
  149  10:50  Pylon  
  150  11:15  Observer  
  147  11:31  Nexus, Immortal  
  147  11:34  Pylon  
  147  11:38  High Templar x2, Protoss Ground Armor Level 2 (Chrono Boost)  
  155  11:40  High Templar x4  
  155  11:44  Archon x2  
  163  11:49  Pylon  
  163  11:52  Pylon  
  163  12:02  Protoss Ground Weapons Level 2 (Chrono Boost)  
  163  12:04  Gateway  
  163  12:05  Gateway  
  163  12:08  Observer  
  163  12:10  Photon Cannon  
  163  12:15  Photon Cannon  
  163  12:19  Probe x3  
  166  12:28  Stargate  
  166  12:33  Zealot x5  
  176  12:40  Archon  
  176  12:45  Probe x2  
  176  12:49  High Templar  
  180  12:57  Stalker x2  
  180  12:58  Stalker x2  
  186  13:06  Stalker  
  186  13:36  High Templar x3  
  186  13:37  High Templar  
  186  13:38  Zealot x3  
  200  13:42  Fleet Beacon  
  181  14:32  Colossus  
  157  14:40  Tempest (Chrono Boost)  
  157  14:43  Zealot x2  
  157  14:44  Zealot x6  
  157  14:45  Stargate  
  133  15:20  Stalker x5  
  133  15:21  Stalker x3  
  141  15:23  Colossus  
  141  15:25  Tempest (Chrono Boost)  
  157  15:35  Tempest (Chrono Boost)  
  151  16:02  Oracle (Chrono Boost)  
  154  16:19  Colossus  
  152  16:29  Nexus  
  152  16:32  Pylon  
  162  16:33  Tempest (Chrono Boost)  
  160  17:13  Tempest (Chrono Boost)  
  168  17:19  Tempest (Chrono Boost)  
  168  17:51  Zealot x7  
  168  17:52  Zealot  
  178  18:26  Zealot x3  
  178  18:27  Zealot x3  
Tags
 
Add a new tag
Caveats
  • Supply blocks, unpowered buildings, or Contaminate may cause inaccurate times.
  • Supply counts are checked every 10 seconds.